 Dungeon Crawl Stone Soup version bcrawl-1.21 (webtiles) character file.

Game seed: 8594242642358688688

1397 Foic the Cleaver (level 8, 0/70 HPs)
             Began as a Minotaur Abyssal Knight on Feb 17, 2020.
             Was a Believer of Lugonu.
             Slain by a steam dragon (4 damage)
             ... on level 6 of the Dungeon.
             The game lasted 00:16:28 (6071 turns).

Foic the Cleaver (Minotaur Abyssal Knight)          Turns: 6071, Time: 00:16:29

Health: 0/70       AC:  4    Str: 18    XL:     8   Next: 41%
Magic:  7/7        EV: 10    Int:  9    God:    Lugonu [**....]
Gold:   279        SH: 11    Dex: 11    Spells: 7/7 levels left

rFire    + . .     SeeInvis +   a - +2 hand axe
rCold    . . .     Gourm    +   t - +2 shield
rNeg     . . .     Faith    .   s - +0 leather armour {rF+}
rPois    .         Spirit   .   (helmet restricted)
rElec    .         Reflect  .   j - scarf {stasis}
rCorr    +         Harm     .   (no gloves)
MR       .....                  u - +0 pair of boots
Stlth    +.........             i - amulet of the gourmand
HPRegen  0.21/turn              F - ring of teleportation (curse)
MPRegen  0.10/turn              v - ring of resist corrosion

@: no status effects
A: retaliatory headbutt, horns 2, see invisible, low mp 2, mutation resistance 1
a: Depart the Abyss, Bend Space, Banish, Renounce Religion


You were on level 6 of the Dungeon.
You worshipped Lugonu.
Lugonu was pleased with you.
You were completely stuffed.

You visited 2 branches of the dungeon, and saw 7 of its levels.
You visited the Abyss 1 time.

You collected 279 gold pieces.

Inventory:

Hand Weapons
 a - a +2 hand axe (weapon)
 n - a +0 whip of electrocution
 x - a +2 dagger of flaming
 y - a +0 hunting sling
Missiles
 c - 10 tomahawks of dispersal (quivered)
 d - 871 stones
 m - 353 sling bullets
 G - 237 arrows
Armour
 j - a scarf of stasis (worn)
 s - a +0 leather armour of fire resistance (worn)
 t - a +2 shield (worn)
 u - a +0 pair of boots (worn)
 w - a +0 ring mail
Jewellery
 i - an amulet of the gourmand (around neck)
 q - an uncursed ring of fire
 v - a ring of resist corrosion (right hand)
 F - a cursed ring of teleportation (left hand)
Wands
 H - a wand of acid (8)
Scrolls
 b - 2 scrolls of noise {unknown}
 f - 3 scrolls of remove curse
 g - 6 scrolls of identify {unknown}
 l - a scroll of fog {unknown}
 o - 2 scrolls of fear {unknown}
 p - 2 scrolls of enchant weapon
 r - 3 scrolls of immolation {unknown}
 A - 2 scrolls of blinking {unknown}
 B - a scroll of magic mapping {unknown}
 C - 3 scrolls of teleportation
 E - a scroll of acquirement {unknown}
Potions
 h - a potion of heal wounds
 k - 2 potions of curing {unknown}
 z - a potion of haste {unknown}
Comestibles
 e - 6 rations {!d}
 D - 3 chunks of flesh


   Skills:
 * Level 6.2 Fighting
 * Level 8.0 Axes
 + Level 1.1 Throwing
 * Level 4.6 Armour
 + Level 2.7 Dodging
 - Level 0.5 Stealth
 * Level 5.3 Shields
 * Level 3.5 Invocations


You had 7 spell levels left.
You didn't know any spells.
Your spell library was empty.

Dungeon Overview and Level Annotations

Branches:
Dungeon (6/12)             Temple (1/1) D:5

Altars:
Ashenzari
Cheibriados
Dithmenos
Elyvilon
Fedhas
Gozag
Hepliaklqana
Kikubaaqudgha
Lugonu
Makhleb
Nemelex Xobeh
Okawaru
Qazlal
Ru
Sif Muna
Trog
Uskayaw
Vehumet
Wu Jian
Xom
Yredelemnul
Zin
The Shining One

Annotations:
D:4 2 transporters, yrara's ghost, amateur GrFi


Innate Abilities, Weirdness & Mutations

You reflexively headbutt those who attack you in melee.
You have a pair of horns on your head.
You have supernaturally acute eyesight. (SInv)
Your magical capacity is very low. (-20% MP)
You are somewhat resistant to further mutation.


Message History

The steam dragon is heavily wounded.
You block the steam dragon's attack.
The steam dragon claws you but does no damage.
You completely miss the steam dragon. Your headbutt misses the steam dragon.
The steam dragon is heavily wounded.
The steam dragon breathes steam at you. The ball of steam hits you! You resist.
* * * LOW HITPOINT WARNING * * *
A scorpion comes into view.
You closely miss the steam dragon. Your headbutt misses the steam dragon.
The steam dragon is heavily wounded.
The steam dragon breathes steam at you. The ball of steam hits you! You resist.
* * * LOW HITPOINT WARNING * * *
You hit the steam dragon.
The steam dragon is heavily wounded.
The steam dragon bites you.
* * * LOW HITPOINT WARNING * * *
The steam dragon claws you.
You die...

...#..##<###...
##..#....o.......
...#.#.#####...# .
... #D# .#
..#####s# #§#
.....##.###†#
#.........#.#####..
..#....Y§D........
..#.#..#@#########
#.#.#..#.#
#.#.#..#.#
#.#.#..#..
#.<....### #.######
#. #. #.


You could see a steam dragon, an ice beast and a scorpion.

Vanquished Creatures
  2 sky beasts
  A necrophage (D:5)
  2 ice beasts
  A phantom (D:4)
  A centaur (D:5)
  A big kobold (D:5)
  2 scorpions (D:5)
  2 howler monkeys
  A crimson imp (D:2)
  A jelly (D:5)
  A bullfrog zombie (D:5)
  A hound (D:4)
  An orc priest (D:3)
  2 bullfrog skeletons
  A centaur skeleton (D:4)
  An orc wizard (D:4)
  3 worker ants
  3 adders
  3 gnolls (D:5)
  2 shadow imps
  3 worms
  2 dart slugs
  6 leopard geckos
  10 orcs
  2 ball pythons
  5 bats
  A giant cockroach (D:5)
  16 hobgoblins
  4 jackals (D:1)
  4 kobolds
  3 quokkas
  3 frilled lizards
  8 goblins
  5 rats
104 creatures vanquished.

Vanquished Creatures (others)
  2 orc wizards (D:6)
  An orc (D:6)
3 creatures vanquished.

Grand Total: 107 creatures vanquished

Notes
Turn   | Place    | Note
-------+----------+-------------------------------------------
     0 | Abyss:1  | Foic the Minotaur Abyssal Knight began the quest for the
                  | Orb.
     0 | Abyss:1  | Reached XP level 1. HP: 19/19 MP: 1/1
    71 | Abyss:1  | Noticed a chaos spawn
    72 | D:1      | Escaped the Abyss
   210 | D:1      | Reached skill level 3 in Axes
   210 | D:1      | Reached XP level 2. HP: 14/27 MP: 2/2
   217 | D:1      | HP: 1/27 [hobgoblin (5)]
   221 | D:1      | Gained mutation: You have supernaturally acute eyesight.
                  | (SInv) [potion of mutation]
   221 | D:1      | Gained mutation: Your magical capacity is low. (-10% MP)
                  | [potion of mutation]
   221 | D:1      | Gained mutation: Your magical capacity is very low. (-20%
                  | MP) [potion of mutation]
   221 | D:1      | Gained mutation: You are somewhat resistant to further
                  | mutation. [potion of mutation]
   222 | D:1      | HP: 1/40 [hobgoblin/cursed +0 club (1)]
   564 | D:1      | Reached * piety under Lugonu
   883 | D:1      | Reached XP level 3. HP: 34/34 MP: 2/2
  2719 | D:2      | Reached XP level 4. HP: 37/41 MP: 3/3
  2753 | D:2      | Reached skill level 4 in Axes
  2998 | D:3      | Reached skill level 1 in Shields
  2998 | D:3      | Reached XP level 5. HP: 42/47 MP: 4/4
  3523 | D:3      | Found a faded altar of an unknown god.
  3649 | D:4      | Noticed a phantom
  3666 | D:4      | Killed a phantom
  3666 | D:4      | Reached skill level 5 in Axes
  3756 | D:4      | Reached XP level 6. HP: 51/55 MP: 5/5
  3766 | D:4      | Found a sparkling altar of Nemelex Xobeh.
  3845 | D:4      | Reached skill level 5 in Fighting
  3949 | D:4      | Noticed yrara's ghost (amateur GrFi)
  3957 | D:4      | Found a transporter.
  3969 | D:4      | Found a transporter.
  3983 | D:4      | Reached ** piety under Lugonu
  3992 | D:4      | Found a stormy altar of Qazlal.
  4429 | D:5      | Entered Level 5 of the Dungeon
  4431 | D:5      | Noticed a sky beast
  4449 | D:4      | Killed a sky beast
  4449 | D:4      | Reached skill level 6 in Axes
  4709 | D:5      | Reached XP level 7. HP: 38/61 MP: 6/6
  5217 | D:5      | Reached skill level 7 in Axes
  5290 | D:5      | Found a staircase to the Ecumenical Temple.
  5299 | Temple   | Entered the Ecumenical Temple
  5749 | D:5      | Reached XP level 8. HP: 70/70 MP: 7/7
  5952 | D:6      | Reached skill level 5 in Shields
  6046 | D:6      | Reached skill level 8 in Axes
  6071 | D:6      | Slain by a steam dragon

Skill      XL: |  1  2  3  4  5  6  7  8 |
---------------+-------------------------+-----
Fighting       | 4 5 6 |  6.2
Axes           | 3 4 5 6 7 8 |  8.0
Armour         | 3 4 |  4.6
Shields        | 1 2 3 4 5 |  5.3
Dodging        | 2 |  2.7
Invocations    | 3 |  3.5
Throwing       | |  1.1
Stealth        | |  0.5

Action                   |  1- 3 |  4- 6 |  7- 9 || total
-------------------------+-------+-------+-------++-------
Melee: Hand axe          |   108 |   120 |   156 ||   384
       Headbutt          |    13 |    17 |    25 ||    55
Invok: Depart the Abyss  |     1 |       |       ||     1
  Use: Potion            |     5 |     1 |       ||     6
       Scroll            |     3 |       |       ||     3
  Eat: Chunk             |    19 |     5 |     6 ||    30
Armor: Leather armour    |    22 |    26 |    15 ||    63
       Skin              |     2 |       |       ||     2
Dodge: Dodged            |    58 |    42 |    40 ||   140
Block: Shield            |     7 |    67 |    74 ||   148
